 Seeded DCSS version 0.29.1-12-g30fa7ad0bf (webtiles) character file.

Game seed: 1 (custom seed)

773 Kazon the Slasher (level 7, 0/56 HPs)
             Began as a Demonspawn Gladiator on Dec 13, 2022.
             Slain by a sky beast (6 damage)
             ... on level 5 of the Dungeon.
             The game lasted 00:11:48 (2845 turns).

Kazon the Slasher (Demonspawn Gladiator)            Turns: 2845, Time: 00:11:49

Health: 0/56       AC:  7    Str: 17    XL:     7   Next: 53%
Magic:  10/10      EV: 13    Int:  9    God:
Gold:   324        SH:  0    Dex: 14    Spells: 6/6 levels left

rFire   . . .      SeeInvis .   f - +5 triple sword (elec)
rCold   . . .      Faith    .   (shield currently unavailable)
rNeg    + . .      Spirit   .   n - +0 leather armour
rPois   .          Reflect  .   c - +0 helmet
rElec   .          Harm     .   (no cloak)
rCorr   .          Rampage  .   (no gloves)
Will    .....                   m - +2 pair of boots
Stlth   ++........              g - amulet of the acrobat
HPRegen 0.18/turn               s - ring of positive energy
MPRegen 0.12/turn               (no ring)

@: no status effects
A: claws 1, powered by death 1, spiny 1
a: no special abilities


You were on level 5 of the Dungeon.
You visited 1 branch of the dungeon, and saw 5 of its levels.

You collected 324 gold pieces.

Inventory:

Hand Weapons
 e - a +2 dagger of venom
 f - a +5 triple sword of electrocution (weapon)
Missiles
 d - 4 throwing nets
 l - 18 stones (quivered)
 r - a javelin
 x - 5 boomerangs
Armour
 c - a +0 helmet (worn)
 m - a +2 pair of boots (worn)
 n - a +0 leather armour (worn)
Jewellery
 g - an amulet of the acrobat (around neck)
 s - a ring of positive energy (left claw)
Wands
 y - a wand of mindburst (20)
Scrolls
 i - 9 scrolls of identify {unknown}
 o - a scroll of fog {unknown}
 p - a scroll of poison {unknown}
 q - a scroll of immolation {unknown}
 t - a scroll of teleportation {unknown}
 v - a scroll of magic mapping {unknown}
 w - a scroll of noise {unknown}
Potions
 a - a potion of ambrosia {unknown}
 b - 2 potions of berserk rage {unknown}
 h - 2 potions of haste {unknown}
 j - a potion of attraction {unknown}
 k - a potion of flight {unknown}
 u - a potion of lignification {unknown}


   Skills:
 + Level 5.1 Fighting
 + Level 6.6 Long Blades
 + Level 4.1 Throwing
 + Level 3.6 Armour
 + Level 4.8 Dodging
 + Level 4.0 Stealth
 + Level 3.3 Shields
 + Level 4.9 Invocations
 + Level 3.6 Evocations


You had 6 spell levels left.
You didn't know any spells.
Your spell library contained the following spells:

 Spells                   Type           Power      Damage    Failure   Level
 Apportation              Tloc           0%         N/A       43%         1
 Necrotise                Necr           0%         1d4       43%         1
 Sting                    Tmut/Pois      0%         1d3       43%         1
 Summon Small Mammal      Summ           0%         N/A       43%         1
 Poisonous Vapours        Pois/Air       0%         N/A       58%         2
 Olgreb's Toxic Radiance  Pois           0%         N/A       99%         4
 Fireball                 Conj/Fire      0%         3d3       100%        5
 Iskenderun's Battlesphe  Conj           0%         2d6       100%        5
 Conjure Ball Lightning   Conj/Air       0%         3x3d6     100%        6
 Orb of Destruction       Conj           0%         9d5       100%        7


Dungeon Overview and Level Annotations

Branches:
Dungeon (5/15)
 Temple: D:4-7

Altars:
Hepliaklqana

Shops:
D:3 (


Innate Abilities, Weirdness & Mutations

You have sharp fingernails.
You regenerate a little health from kills.
You are partially covered in sharp spines.


Message History

Found 2 curare-tipped darts.
The sky beast is struck by your spines. The sky beast closely misses you.
You slash the sky beast!
The sky beast is heavily wounded.
Eustachio is struck by your spines.
Eustachio hits you with a +1 rapier of speed.
The sky beast is struck by your spines. The sky beast closely misses you.
Eustachio is struck by your spines.
Eustachio hits you with a +1 rapier of speed.
The sky beast barely misses you.
You slash Eustachio!
Eustachio is moderately wounded.
Eustachio hits you but does no damage. The sky beast barely misses you.
Eustachio hits you with a +1 rapier of speed.
You slash Eustachio!
Eustachio is severely wounded.
Eustachio hits you but does no damage.
The sky beast flickers out of sight!
Deactivating autopickup; reactivate with Ctrl-A.
Something hits you but does no damage. Eustachio is struck by your spines.
Eustachio hits you but does no damage.
You slash Eustachio!
You kill Eustachio!
Something hits you but does no damage. Something barely misses you.
Your Stealth skill increases to level 4!
You barely miss something. Something hits you. Something shocks you.
You miss something.
A centaur comes into view.
Something hits you. Something shocks you. Something hits you.
Something shocks you.
The centaur moves out of view.
You barely miss something. Something hits you but does no damage.
You miss something. Something hits you.
* * * LOW HITPOINT WARNING * * *
Something shocks you.
* * * LOW HITPOINT WARNING * * *
A sky beast appears from thin air!
Reactivating autopickup.
The sky beast hits you.
* * * LOW HITPOINT WARNING * * *
The sky beast shocks you.
You die...

##### #...##
..[ #....##
...# #.....#
#..#
#.....##..#
#. #....#..#
#..#...#...#
#..Y@....#
#.(#)..))##
... ####.)##
. ##..#
#..## ##..#
#..## ##..##
#...####


You could see a sky beast.

Vanquished Creatures
  Eustachio (D:5)
  3 scorpions (D:4)
  A hound (D:4)
  An orc priest (D:3)
  An iguana (D:4)
  Robin (D:3)
  6 gnolls
  6 adders
  An ufetubus (D:5)
  3 worms
  5 orcs
  11 endoplasms
  A giant cockroach (D:1)
  16 goblins
  9 hobgoblins
  A jackal (D:4)
  4 kobolds
  A quokka (D:1)
  5 ball pythons
  4 bats
  3 frilled lizards
  6 rats
90 creatures vanquished.

Notes
Turn   | Place    | Note
-------+----------+-------------------------------------------
     0 | D:1      | Kazon the Demonspawn Gladiator began the quest for the Orb.
     0 | D:1      | Reached XP level 1. HP: 16/16 MP: 1/1
    33 | D:1      | Identified a scroll of acquirement
    33 | D:1      | Acquired a +5 triple sword of electrocution
   124 | D:1      | Reached skill level 3 in Long Blades
   209 | D:1      | Gained mutation: You are partially covered in sharp spines.
                  | [demonic ancestry]
   209 | D:1      | Reached XP level 2. HP: 15/22 MP: 2/2
   804 | D:2      | Gained mutation: You regenerate a little health from kills.
                  | [demonic ancestry]
   804 | D:2      | Reached XP level 3. HP: 27/27 MP: 3/3
  1081 | D:2      | Reached skill level 4 in Long Blades
  1081 | D:2      | Reached XP level 4. HP: 16/34 MP: 4/4
  1365 | D:3      | Found Umat's Antique Weapon Boutique.
  1611 | D:3      | Reached XP level 5. HP: 39/39 MP: 5/5
  1735 | D:3      | Noticed Robin
  1744 | D:3      | Killed Robin
  1755 | D:3      | Reached skill level 5 in Long Blades
  1755 | D:3      | Reached XP level 6. HP: 50/50 MP: 5/9
  2146 | D:4      | Reached skill level 6 in Long Blades
  2483 | D:4      | Gained mutation: You have sharp fingernails. [demonic
                  | ancestry]
  2483 | D:4      | Reached XP level 7. HP: 55/55 MP: 10/10
  2533 | D:4      | Found a hazy altar of Hepliaklqana.
  2700 | D:4      | Reached skill level 5 in Fighting
  2813 | D:5      | Entered Level 5 of the Dungeon
  2833 | D:5      | Noticed Eustachio
  2841 | D:5      | Killed Eustachio
  2845 | D:5      | Slain by a sky beast

Illustrated notes

Levels and vault maps discovered:
D:1:      dpeg_arrival_three_smaller_balls, layout_basic
D:2:      layout_loops_ring
D:3:      layout_basic, serial_shops, nicolae_shop_stone, st_stairs_9,
          minmay_misc_feat_doors, eino_curves_03, uniq_robin
D:4:      minmay_wonky_spiral, layout_basic,
          mainiacjoe_overflow_surrounded_room, minivault_5
D:5:      layout_cave_pods, uniq_menkaure, uniq_eustachio

Skill      XL: |  1  2  3  4  5  6  7 |
---------------+----------------------+-----
Long Blades    | 3 4 5 6 |  6.6
Dodging        | 3 4 |  4.8
Fighting       | 4 5 |  5.1
Throwing       | 4 |  4.1
Armour         | 3 |  3.6
Stealth        | 3 4 |  4.0
Shields        | 3 |  3.3
Invocations    | 4 |  4.9
Evocations     | 3 |  3.6

Action                   |  1- 3 |  4- 6 |  7- 9 || total
-------------------------+-------+-------+-------++-------
Melee: Triple sword      |    56 |    53 |    20 ||   129
       Long sword        |     1 |       |       ||     1
Throw: Stone             |       |    23 |       ||    23
  Use: Scroll            |     1 |       |       ||     1
       Potion            |       |     1 |       ||     1
 Stab: Sleeping          |     1 |     2 |     2 ||     5
Armor: Leather armour    |    22 |    15 |    13 ||    50
Dodge: Dodged            |    67 |    42 |    17 ||   126
